 Dungeon Crawl Stone Soup version 0.30-a0-122-g2a1322497e (webtiles) character file.

Game seed: 12133572896643337599

16 NinjaNoafa the Ruffian (level 2, 0/26 HPs)
             Began as a Ghoul Monk on Sept 15, 2022.
             Was a Believer of Nemelex Xobeh.
             Constricted to death by a ball python (1 damage)
             ... on level 1 of the Dungeon.
             The game lasted 00:02:43 (315 turns).

NinjaNoafa the Ruffian (Ghoul Monk)                  Turns: 315, Time: 00:02:43

Health: 0/26       AC:  2    Str: 14    XL:     2   Next: 58%
Magic:  1/1        EV:  9    Int:  5    God:    Nemelex Xobeh [**....]
Gold:   10         SH:  0    Dex: 11    Spells: 1/1 levels left

rFire   . . .      SeeInvis .    d - staff of earth
rCold   + . .      Faith    .    (no shield)
rNeg    + + +      Spirit   .    a - +0 robe
rPois   ∞          Reflect  .    (no helmet)
rElec   .          Harm     .    (no cloak)
rCorr   .          Rampage  .    (no gloves)
Will    .....                    (no boots)
Stlth   ++........               (no amulet)
HPRegen 0.00/turn                (no ring)
MPRegen 0.07/turn                (no ring)

@: mighty, inhibited regen, constricted
A: claws 1, cold resistance 1, negative energy resistance 3, inhibited
regeneration, torment resistance 2, devour on kill
a: Renounce Religion, Draw Escape, Draw Destruction, Draw Summoning


You were on level 1 of the Dungeon.
You worshipped Nemelex Xobeh.
Nemelex Xobeh was pleased with you.
You visited 1 branch of the dungeon, and saw 1 of its levels.

You collected 10 gold pieces.

Inventory:

Missiles
 c - 4 stones (quivered)
Armour
 a - a +0 robe (worn)
Magical Staves
 d - a staff of earth (weapon)
Scrolls
 e - a scroll of identify {unknown}
 f - a scroll of vulnerability {unknown}


   Skills:
 - Level 3.2 Fighting
 - Level 0.5 Armour
 - Level 2.6 Dodging
 - Level 2.1 Stealth
 - Level 3.6 Unarmed Combat
 + Level 0.4 Spellcasting
 + Level 0.5 Earth Magic
 + Level 0.1 Invocations
 + Level 0.4 Evocations


You had one spell level left.
You didn't know any spells.
Your spell library contained the following spells:

 Spells                   Type           Power      Damage    Failure   Level
 Sandblast                Erth           2%         2d4       38%         1
 Summon Small Mammal      Summ           0%         N/A       45%         1
 Passwall                 Tmut/Erth      0%         N/A       56%         2
 Stone Arrow              Conj/Erth      0%         3d7       80%         3


Dungeon Overview and Level Annotations

Branches:
Dungeon (1/15)

Altars:
Nemelex Xobeh


Innate Abilities, Weirdness & Mutations

You are immune to poison.
You have sharp fingernails.
Your flesh is cold resistant. (rC+)
You are immune to negative energy. (rN+++)
You do not regenerate when monsters are visible.
You are immune to unholy pain and torment.
You thrive by killing the living.


Message History

Found a book of Debilitation.
You barely miss the ball python. The ball python closely misses you.
The ball python grabs you. The ball python constricts you.
The ball python misses you. The ball python constricts you.
You hit the ball python but do no damage.
The quokka bites you but does no damage.
The ball python closely misses you. The ball python constricts you.
You hit the ball python.
The ball python is heavily wounded.
The quokka bites you. The ball python completely misses you.
The ball python constricts you. The quokka barely misses you.
The ball python bites you. The ball python constricts you.
You hit the quokka but do no damage. The quokka bites you.
The ball python bites you. The ball python constricts you.
You closely miss the ball python.
The ball python is heavily wounded.
The quokka closely misses you. The ball python closely misses you.
The ball python constricts you. The quokka misses you.
The ball python bites you. The ball python constricts you.
You closely miss the ball python.
The ball python is moderately wounded.
The quokka barely misses you. The ball python barely misses you.
The ball python constricts you.
You barely miss the ball python.
The ball python is moderately wounded.
The quokka bites you but does no damage.
The ball python bites you. The ball python constricts you.
The quokka bites you.
* * * LOW HITPOINT WARNING * * *
It was a potion of might.
You feel very mighty all of a sudden. The ball python barely misses you.
The ball python constricts you.
* * * LOW HITPOINT WARNING * * *
The quokka bites you.
* * * LOW HITPOINT WARNING * * *
The ball python bites you.
* * * LOW HITPOINT WARNING * * *
The ball python constricts you.
You die...
Your body disappears without a glow.

.....≈≈≈.≈≈≈....
#.....)........^.!.##...
#.............##........
#................#......
#.......................
#.......................
#.....................##
#.........♣.♣....r......
................@S.#
......####♣.♣........#
♣♣♣♣♣♣# #.##....##....
P♣♣. ♣.♣##......:.# ....
... ##.#.... # ♣♣.P ♣.♣
....##.. ..# ..... . #.#
.#.... #.#


You could see a quokka and a ball python.

Vanquished Creatures
  2 dart slugs (D:1)
  An endoplasm (D:1)
  2 giant cockroaches (D:1)
  A goblin (D:1)
  A hobgoblin (D:1)
  2 jackals (D:1)
  2 rats (D:1)
11 creatures vanquished.

Vanquished Creatures (others)
  2 plants (D:1)
2 creatures vanquished.

Grand Total: 13 creatures vanquished

Notes
Turn   | Place    | Note
-------+----------+-------------------------------------------
     0 | D:1      | NinjaNoafa the Ghoul Monk began the quest for the Orb.
     0 | D:1      | Reached XP level 1. HP: 19/19 MP: 0/0
   156 | D:1      | Reached XP level 2. HP: 25/26 MP: 1/1
   195 | D:1      | Found a faded altar of an unknown god.
   199 | D:1      | Got Plato's Compendium of the Entourage
   206 | D:1      | Prayed at the altar of an unknown god.
   206 | D:1      | Became a worshipper of Nemelex Xobeh the Trickster
   206 | D:1      | Reached * piety under Nemelex Xobeh
   206 | D:1      | Received a gift from Nemelex Xobeh
   206 | D:1      | Reached ** piety under Nemelex Xobeh
   315 | D:1      | HP: 1/26 [ball python (2)]
   315 | D:1      | Constricted to death by a ball python

Illustrated notes

Levels and vault maps discovered:
D:1:      moated_graveyard_arrival, layout_rooms,
          shapermc_ecumenical_altar_rom_forum, serial_forest,
          infiniplex_forest_lined_2, infiniplex_forest_lined_2,
          infiniplex_forest_lined_4_way, infiniplex_forest_straight_5,
          infiniplex_forest_zigzag_1, infiniplex_forest_straight_3,
          infiniplex_forest_lined_2, infiniplex_forest_lined_3_way

Action                   || total
-------------------------++-------
Melee: Unarmed           ||    13
       Staff             ||    42
       Punch             ||     2
  Use: Potion            ||     2
Armor: Robe              ||     8
Dodge: Dodged            ||    43

Table legend: (Time is in decaauts)
 A = Elapsed time spent in this place.
 B = Non-inter-level travel time spent in this place.
 C = Inter-level travel time spent in this place.
 D = Time resting spent in this place.
 E = Time spent auto-exploring this place.
 F = Levels seen in this place.
 G = Mean time per level.
                   A        B        C        D        E       F      G
               +--------+--------+--------+--------+--------+-----+--------+
         Total |    322 |    322 |      0 |      0 |    190 |   1 |  322.0 |
       Dungeon |    322 |    322 |      0 |      0 |    190 |   1 |  322.0 |
               +--------+--------+--------+--------+--------+-----+--------+

Top non-repeatable levels by time:
     D:1: 322 daAuts
